 Dungeon Crawl Stone Soup version 0.30.0-21-gd299b56b3f (webtiles) character file.

Game seed: 16969524156055542428

27983 qw the Cleaver (level 13, -3/84 HPs)
             Began as a Gargoyle Fighter on June 2, 2023.
             Was an Elder of Okawaru.
             Slain by an ice devil (14 damage)
             ... on level 4 of the Lair of Beasts.
             The game lasted 00:08:50 (14694 turns).

qw the Cleaver (Gargoyle Fighter)                  Turns: 14694, Time: 00:08:50

Health: -3/84      AC: 35    Str: 31    XL:     13   Next: 35%
Magic:  16/18      EV: 15    Int:  7    God:    Okawaru [****..]
Gold:   286        SH: 11    Dex:  9    Spells: 12/12 levels left

rFire   + + .        o - +0 war axe (vamp)
rCold   . . .        c - +0 buckler
rNeg    + . .        v - +0 plate armour
rPois   inf          x - +2 helmet of the Thirsty Priests {+Blink rF++ rCorr Int-2}
rElec   +            s - +0 cloak
rCorr   +            k - +0 pair of gloves
SInv    .            w - +0 pair of boots
Will    .....        e - amulet of reflection Stlth
                     A - +5 ring of evasion
HPRegen 0.34/turn    y - +6 ring of strength
MPRegen 0.16/turn

%: reflection
@: heroic
A: sickness immunity, AC +9, negative energy resistance 1, electricity
resistance, torment resistance 1, petrification resistance
a: Renounce Religion, Evoke Blink, Heroism, Finesse


You were on level 4 of the Lair of Beasts.
You worshipped Okawaru.
Okawaru was greatly pleased with you.
You visited 3 branches of the dungeon, and saw 16 of its levels.

You collected 821 gold pieces.
You spent 535 gold pieces at shops.


Innate Abilities, Weirdness & Mutations

You are immune to sickness and miasma.
Your stone body is resilient. (AC +9)
You are immune to poison.
You resist negative energy. (rN+)
You are resistant to electric shocks. (rElec)
You are resistant to unholy torment.
You are immune to petrification.


   Skills:
 - Level 11.0(16.0) Fighting
 - Level 14.0(19.0) Axes
 + Level 2.9(7.9) Throwing
 - Level 10.4(15.4) Armour
 - Level 2.0(7.0) Dodging
 - Level 7.0(12.0) Shields
 + Level 7.9 Invocations


You had 12 spell levels left.
You didn't know any spells.
Your spell library was empty.

Inventory:

Hand Weapons
 g - a +0 morningstar
 o - a +0 vampiric war axe (weapon)
Missiles
 z - a silver javelin (quivered)
Armour
 c - a +0 buckler (worn)
 k - a +0 pair of gloves (worn)
 s - a +0 cloak (worn)
 u - +0 acid dragon scales
 v - a +0 plate armour (worn)
 w - a +0 pair of boots (worn)
 x - the +2 helmet of the Thirsty Priests (worn) {+Blink rF++ rCorr Int-2}
   (You found it on level 10 of the Dungeon)

   Int:       It affects your intelligence (-2).
   rF:        It greatly protects you from fire.
   +Blink:    It lets you blink.
   rCorr:     It protects you from acid and corrosion.
Jewellery
 e - an amulet of reflection (around neck)
 j - a ring of resist corrosion
 y - a +6 ring of strength (right hand)
 A - a +5 ring of evasion (left hand)
 B - a ring of ice
 C - a ring of resist corrosion
Wands
 m - a wand of digging (14)
Scrolls
 a - 13 scrolls of teleportation
 f - 7 scrolls of identify
 p - 2 scrolls of brand weapon
Potions
 b - 2 potions of mutation
 d - 7 potions of might
 h - 4 potions of heal wounds
 i - 2 potions of haste
 l - 5 potions of curing
 n - a potion of resistance
 q - 2 potions of attraction
 r - 4 potions of lignification
 t - a potion of magic
 D - a potion of berserk rage {unknown}

Dungeon Overview and Level Annotations

Branches:
Dungeon (11/15)            Temple (1/1) D:5            Lair (4/5) D:11
 Shoals (0/4) Lair:2       Spider (0/4) Lair:2
  Slime: Lair:4-5       Orc: D:9-12

Altars:
Ashenzari
Cheibriados
Dithmenos
Elyvilon
Fedhas
Gozag
Hepliaklqana
Kikubaaqudgha
Makhleb
Nemelex Xobeh
Okawaru
Qazlal
Ru
Trog
Uskayaw
Vehumet
Wu Jian
Xom
Yredelemnul
Zin
The Shining One
Jiyva

Shops:
D:1 :(   D:7 !   D:8 [   D:9 *!   D:11 ?

Annotations:
D:2 1 runed translucent door, Crazy Yiuf
D:3 2 transporters, qw's ghost, amateur GrFi
D:4 1 runed translucent door, qw's ghost, amateur GrFi
D:6 Blork the orc
D:8 2 transporters
D:11 1 runed translucent door, Tsarbomb's ghost, journeyman DsGl


Message History

The ice devil is lightly wounded.
You hit the ice devil but do no damage.
The ice devil hits you but does no damage. x2
You hit the ice devil but do no damage.
The ice devil is lightly wounded.
You hit the ice devil but do no damage.
The ice devil hits you but does no damage.
The ice devil barely misses you.
You closely miss the ice devil.
The ice devil is lightly wounded.
You closely miss the ice devil.
The ice devil hits you but does no damage.
You block the ice devil's attack.
You closely miss the ice devil.
The ice devil is lightly wounded.
You hit the ice devil but do no damage. The ice devil closely misses you.
The ice devil hits you but does no damage.
You slash the ice devil!
The ice devil is moderately wounded.
You slash the ice devil! You completely miss the ice devil.
The ice devil is heavily wounded.
You closely miss the ice devil. The ice devil hits you!
The ice devil freezes you!
The ice devil hits you but does no damage.
14692 ||| INVOKING Heroism.
You gain the combat prowess of a mighty hero.
You block the ice devil's attack. The ice devil hits you.
The ice devil freezes you!
You hit the ice devil.
The ice devil is heavily wounded.
You hit the ice devil. The ice devil misses you.
The ice devil barely misses you.
You hit the ice devil but do no damage.
The ice devil is heavily wounded.
You hit the ice devil. The ice devil hits you. The ice devil freezes you!
The ice devil hits you. The ice devil freezes you!
You die...

....##...#..P#
............P#
............##
.............####
................##
..............#..#
.....###########.#
..#### #.# ...PP##
###@# .+....#
#.44# .###..#
4.....#.# ..###.#
(..##.+.. .#.##.#
.. # #### ..###.#
......#######
............#
P##..###.####


You could see 2 ice devils.

Vanquished Creatures
  A hydra (Lair:2)
  A catoblepas (Lair:3)
  2 centaur warriors (D:10)
  3 death yaks (Lair:3)
  Sonja (Lair:1)
  A deep elf pyromancer (D:10)
  A manticore (D:10)
  3 oklob plants
  An ugly thing (D:10)
  5 cyclopes
  2 black mambas
  Joseph (D:9)
  A cane toad (Lair:1)
  Psyche (D:11)
  2 rime drakes
  2 unseen horrors (D:11)
  8 komodo dragons
  A meliai (Lair:2)
  2 polar bears
  2 trolls (D:11)
  A snapping turtle (Lair:2)
  11 blink frogs
  6 dream sheep (Lair:3)
  A shadow (D:11)
  4 wyverns
  3 wraiths
  A steam dragon (D:9)
  16 yaks
  6 basilisks
  Grum (D:10)
  9 water moccasins
  4 acid dragons
  A sky beast (D:6)
  2 black bears
  3 ice beasts
  3 orc warriors
  8 wolves
  4 centaurs
  A phantom (D:4)
  2 kobold brigands
  6 bullfrogs
  4 scorpions
  5 wights (D:9)
  3 killer bees (Lair:2)
  An electric eel (Lair:3)
  8 howler monkeys
  5 orc priests
  A hound (D:5)
  2 jellies
  4 iguanas
  2 sleepcaps
  A gnoll bouda (D:4)
  Natasha (thrice) (D:2)
  10 orc wizards
  14 gnolls
  3 adders
  A white imp (D:7)
  An ufetubus (D:6)
  3 dart slugs
  32 orcs
  4 ball pythons
  5 bats
  9 endoplasms
  A giant cockroach (D:1)
  5 goblins (D:1)
  4 hobgoblins
  2 jackals (D:2)
  6 quokkas
  2 frilled lizards (D:2)
  14 kobolds
  3 rats
  A butterfly (Lair:2)
293 creatures vanquished.

Notes
Turn   | Place    | Note
-------+----------+-------------------------------------------
     0 | D:1      | qw the Gargoyle Fighter began the quest for the Orb.
     0 | D:1      | Reached XP level 1. HP: 14/14 MP: 1/1
     0 | D:1      | 0 ||| qw: Version: 0.2-a-102-gdf20003
     0 | D:1      | 0 ||| qw: Game counter: 870
     0 | D:1      | 0 ||| qw: Always use a shield: true
     0 | D:1      | 0 ||| qw: God list: Okawaru
     0 | D:1      | 0 ||| qw: Allow faded altars: false
     0 | D:1      | 0 ||| qw: Do Orc after D:15 true
     0 | D:1      | 0 ||| qw: Do second Lair branch before Depths: true
     0 | D:1      | 0 ||| qw: Lair rune preference: random
     0 | D:1      | 0 ||| qw: Plans: Normal, Zot:1-4, Slime:5, God:TSO, Crypt,
                  | Tomb, Pan, Hells, Abyss, Win
     0 | D:1      | 0 ||| PLANNING D:1-11
    70 | D:1      | Reached skill level 2 in Axes
   133 | D:1      | Found Lesial's Weapon Shop.
   219 | D:1      | Reached XP level 2. HP: 19/19 MP: 2/2
   769 | D:1      | Found Ragg's Book Shop.
   968 | D:1      | 968 ||| UPGRADING to +6 ring of strength.
   969 | D:1      | 969 ||| READING scroll labelled NUTHRIYMPAISA.
   970 | D:1      | 970 ||| DRINKING 2 sedimented green potions.
  1037 | D:2      | 1037 ||| STAIRDANCE
  1120 | D:2      | Reached skill level 3 in Axes
  1120 | D:2      | Reached XP level 3. HP: 23/23 MP: 3/3
  1159 | D:2      | 1159 ||| STAIRDANCE
  1212 | D:2      | 1212 ||| STAIRDANCE
  1471 | D:2      | Noticed Natasha
  1477 | D:2      | Killed Natasha
  1478 | D:2      | Reached XP level 4. HP: 18/28 MP: 4/4
  1615 | D:2      | Found a faded altar of an unknown god.
  1621 | D:2      | Reached skill level 4 in Axes
  1742 | D:2      | You fall into a shaft and drop 1 floor!
  1758 | D:3      | 1758 ||| Stepping ~*~*~tactically~*~*~ (stealth).
  1760 | D:3      | 1760 ||| Stepping ~*~*~tactically~*~*~ (stealth).
  1828 | D:3      | 1828 ||| DROPPING +0 whip.
  1838 | D:3      | 1838 ||| Stepping ~*~*~tactically~*~*~ (hiding).
  1955 | D:3      | 1955 ||| READING scroll labelled DOAGETRIVIMN.
  1956 | D:3      | 1956 ||| READING scroll labelled ROOLUO DOSA.
  1998 | D:2      | Noticed Natasha
  1999 | D:2      | 1999 ||| Stepping ~*~*~tactically~*~*~ (hiding).
  2008 | D:2      | Killed Natasha
  2009 | D:2      | Reached XP level 5. HP: 25/32 MP: 5/5
  2064 | D:2      | Noticed Natasha
  2070 | D:2      | Killed Natasha
  2071 | D:2      | Reached skill level 5 in Axes
  2117 | D:2      | 2117 ||| Stepping ~*~*~tactically~*~*~ (hiding).
  2118 | D:2      | 2118 ||| Stepping ~*~*~tactically~*~*~ (hiding).
  2251 | D:2      | Found a runed translucent door.
  2252 | D:2      | Noticed Crazy Yiuf
  2335 | D:2      | 2335 ||| DRINKING 2 brown potions.
  2336 | D:2      | 2336 ||| DROPPING potion of flight.
  2389 | D:3      | 2389 ||| STAIRDANCE
  2498 | D:3      | Reached skill level 1 in Dodging
  2533 | D:3      | Found a transporter.
  2541 | D:3      | Noticed qw's ghost (amateur GrFi)
  2557 | D:3      | Found a transporter.
  2991 | D:3      | Found a glowing golden altar of the Shining One.
  3037 | D:3      | 3037 ||| UPGRADING to amulet of reflection.
  3042 | D:3      | 3042 ||| READING scroll labelled DUWIT ULIRPH.
  3043 | D:3      | 3043 ||| READING scroll labelled SUVINI QYESIRE.
  3044 | D:3      | 3044 ||| READING scroll labelled TATUSTOJUU.
  3057 | D:4      | Noticed qw's ghost (amateur GrFi)
  3057 | D:4      | Found a runed translucent door.
  3072 | D:4      | 3072 ||| Stepping ~*~*~tactically~*~*~ (stealth).
  3173 | D:4      | Noticed an orc warrior
  3174 | D:4      | 3174 ||| Stepping ~*~*~tactically~*~*~ (hiding).
  3189 | D:4      | HP: 4/33 [orc warrior/+0 trident (8)]
  3190 | D:4      | 3190 ||| DRINKING 2 potions of heal wounds.
  3192 | D:4      | Killed an orc warrior
  3193 | D:4      | Reached XP level 6. HP: 38/40 MP: 6/6
  3204 | D:4      | 3204 ||| Stepping ~*~*~tactically~*~*~ (hiding).
  3206 | D:4      | 3206 ||| Stepping ~*~*~tactically~*~*~ (hiding).
  3209 | D:4      | 3209 ||| Stepping ~*~*~tactically~*~*~ (hiding).
  3210 | D:4      | 3210 ||| Stepping ~*~*~tactically~*~*~ (hiding).
  3261 | D:4      | 3261 ||| FLEEEEING.
  3272 | D:4      | 3272 ||| FLEEEEING.
  3332 | D:4      | 3332 ||| Stepping ~*~*~tactically~*~*~ (hiding).
  3333 | D:4      | 3333 ||| Stepping ~*~*~tactically~*~*~ (hiding).
  3522 | D:4      | Found an ornate altar of the Wu Jian Council.
  3588 | D:4      | Reached XP level 7. HP: 41/44 MP: 7/7
  3626 | D:4      | Reached skill level 6 in Axes
  3800 | D:4      | 3800 ||| UPGRADING to +0 chain mail.
  3810 | D:4      | 3810 ||| DROPPING +0 scale mail.
  3811 | D:4      | 3811 ||| READING scroll labelled LUNTYUNOTE.
  3812 | D:4      | 3812 ||| READING 4 scrolls labelled TUD TOQOPPI.
  3824 | D:4      | 3824 ||| READING 4 scrolls of identify.
  3824 | D:4      | 3824 ||| IDENTIFYING fizzy green potion
  3825 | D:4      | 3825 ||| READING 3 scrolls of identify.
  3825 | D:4      | 3825 ||| IDENTIFYING sedimented silvery potion
  3826 | D:4      | 3826 ||| READING 2 scrolls of identify.
  3826 | D:4      | 3826 ||| IDENTIFYING inky potion
  3827 | D:4      | 3827 ||| DROPPING potion of magic.
  3828 | D:4      | 3828 ||| DROPPING potion of brilliance.
  3841 | D:5      | Entered Level 5 of the Dungeon
  3856 | D:5      | 3856 ||| Stepping ~*~*~tactically~*~*~ (stealth).
  3928 | D:5      | 3928 ||| Stepping ~*~*~tactically~*~*~ (stealth).
  3949 | D:5      | Reached skill level 7 in Axes
  3954 | D:5      | 3954 ||| Stepping ~*~*~tactically~*~*~ (stealth).
  3956 | D:5      | 3956 ||| Stepping ~*~*~tactically~*~*~ (stealth).
  4416 | D:5      | Reached XP level 8. HP: 45/49 MP: 8/8
  4554 | D:5      | Found a staircase to the Ecumenical Temple.
  4555 | D:5      | 4555 ||| PLANNING TEMPLE
  4555 | D:5      | 4555 ||| READING 3 scrolls labelled QIALESCHAHUSE.
  4556 | D:5      | 4556 ||| READING 2 scrolls of identify.
  4556 | D:5      | 4556 ||| IDENTIFYING black potion
  4557 | D:5      | 4557 ||| DROPPING 2 scrolls of fear.
  4563 | Temple   | Entered the Ecumenical Temple
  4707 | Temple   | 4707 ||| PLANNING D:1-11
  4843 | D:5      | 4843 ||| READING scroll labelled WUFINE ORIOBE.
  4888 | D:6      | Reached skill level 8 in Axes
  4939 | D:6      | 4939 ||| Stepping ~*~*~tactically~*~*~ (stealth).
  4996 | D:6      | Found a hazy altar of Hepliaklqana.
  5218 | D:6      | Noticed Blork the orc
  5219 | D:6      | 5219 ||| DROPPING +6 ring of intelligence.
  5302 | D:6      | Reached skill level 6 in Fighting
  5366 | D:6      | 5366 ||| READING scroll labelled VUTSUDWA PEPOSS.
  5381 | D:6      | 5381 ||| DRINKING 2 green potions.
  5390 | D:6      | 5390 ||| READING 3 scrolls of identify.
  5390 | D:6      | 5390 ||| IDENTIFYING golden potion
  5391 | D:6      | 5391 ||| READING 2 scrolls of identify.
  5391 | D:6      | 5391 ||| IDENTIFYING amethyst potion
  5392 | D:6      | 5392 ||| DROPPING potion of ambrosia.
  5466 | D:7      | 5466 ||| DROPPING +0 flail.
  5568 | D:7      | Identified the +5 falchion of Isenir {freeze, rF- Str+3
                  | Int+2}
  5572 | D:7      | 5572 ||| Stepping ~*~*~tactically~*~*~ (stealth).
  5632 | D:7      | 5632 ||| Stepping ~*~*~tactically~*~*~ (stealth).
  5634 | D:7      | 5634 ||| Stepping ~*~*~tactically~*~*~ (hiding).
  5637 | D:7      | 5637 ||| Stepping ~*~*~tactically~*~*~ (hiding).
  5690 | D:7      | Found Kaob Gef's Distillery.
  5697 | D:7      | 5697 ||| BUYING potion of heal wounds (70 gold).
  5697 | D:7      | Bought a potion of heal wounds for 70 gold pieces
  5697 | D:7      | 5697 ||| BUYING potion of resistance (140 gold).
  5697 | D:7      | Bought a potion of resistance for 140 gold pieces
  5697 | D:7      | 5697 ||| SHOPLISTING potion of resistance (140 gold, have
                  | 128).
  5729 | D:7      | 5729 ||| Stepping ~*~*~tactically~*~*~ (stealth).
  5858 | D:7      | Reached skill level 9 in Axes
  5883 | D:7      | Reached XP level 9. HP: 31/55 MP: 9/9
  6188 | D:7      | 6188 ||| Stepping ~*~*~tactically~*~*~ (hiding).
  6238 | D:7      | 6238 ||| UPGRADING to +0 cloak.
  6243 | D:7      | 6243 ||| READING scroll labelled JULAMI OLIXUG.
  6318 | D:8      | Noticed a komodo dragon
  6330 | D:8      | Killed a komodo dragon
  6393 | D:8      | Found a transporter.
  6393 | D:8      | Noticed a great orb of eyes
  6396 | D:8      | Found a transporter.
  6396 | D:8      | Found a viscous altar of Jiyva.
  6448 | D:8      | 6448 ||| DRINKING 2 potions of curing.
  6448 | D:8      | 6448 ||| (to cure confusion)
  6450 | D:8      | 6450 ||| DRINKING potion of curing.
  6450 | D:8      | 6450 ||| (to cure confusion)
  6489 | D:8      | 6489 ||| Stepping ~*~*~tactically~*~*~ (stealth).
  6490 | D:8      | 6490 ||| Stepping ~*~*~tactically~*~*~ (stealth).
  6491 | D:8      | 6491 ||| Stepping ~*~*~tactically~*~*~ (stealth).
  6493 | D:8      | 6493 ||| Stepping ~*~*~tactically~*~*~ (stealth).
  6563 | D:8      | Found Saysimid's Armour Shop.
  6570 | D:8      | 6570 ||| BUYING +0 pair of gloves (58 gold).
  6570 | D:8      | Bought a +0 pair of gloves for 58 gold pieces
  6570 | D:8      | 6570 ||| SHOPLISTING +1 chain mail of willpower (214 gold,
                  | have 84).
  6570 | D:8      | 6570 ||| SHOPLISTING +1 helmet of intelligence (214 gold,
                  | have 84).
  6570 | D:8      | 6570 ||| SHOPLISTING +1 pair of gloves (149 gold, have 84).
  6570 | D:8      | 6570 ||| SHOPLISTING +3 scale mail of fire resistance (338
                  | gold, have 84).
  6570 | D:8      | 6570 ||| SHOPLISTING +3 scale mail of willpower (338 gold,
                  | have 84).
  6717 | D:8      | HP: 7/57 [orc priest/divine providence (15)]
  6718 | D:8      | 6718 ||| READING 7 scrolls of teleportation.
  6719 | D:8      | 6719 ||| DRINKING 3 potions of heal wounds.
  6923 | D:8      | 6923 ||| FLEEEEING.
  6930 | D:8      | 6930 ||| FLEEEEING.
  6931 | D:8      | 6931 ||| FLEEEEING.
  6932 | D:8      | 6932 ||| FLEEEEING.
  6933 | D:8      | 6933 ||| FLEEEEING.
  6934 | D:8      | 6934 ||| FLEEEEING.
  6942 | D:8      | 6942 ||| FLEEEEING.
  6943 | D:8      | 6943 ||| FLEEEEING.
  6944 | D:8      | 6944 ||| FLEEEEING.
  6950 | D:8      | 6950 ||| FLEEEEING.
  6951 | D:8      | 6951 ||| FLEEEEING.
  6952 | D:8      | 6952 ||| FLEEEEING.
  6953 | D:8      | 6953 ||| FLEEEEING.
  6954 | D:8      | 6954 ||| FLEEEEING.
  6955 | D:8      | 6955 ||| FLEEEEING.
  6959 | D:8      | 6959 ||| FLEEEEING.
  6960 | D:8      | 6960 ||| FLEEEEING.
  6961 | D:8      | 6961 ||| FLEEEEING.
  6965 | D:8      | 6965 ||| STAIRDANCE
  6987 | D:7      | 6987 ||| UPGRADING to +0 pair of gloves.
  6992 | D:7      | 6992 ||| DRINKING 3 ruby potions.
  7079 | D:8      | 7079 ||| Stepping ~*~*~tactically~*~*~ (hiding).
  7082 | D:8      | 7082 ||| Stepping ~*~*~tactically~*~*~ (hiding).
  7125 | D:8      | 7125 ||| Stepping ~*~*~tactically~*~*~ (hiding).
  7127 | D:8      | 7127 ||| Stepping ~*~*~tactically~*~*~ (hiding).
  7284 | D:8      | 7284 ||| Stepping ~*~*~tactically~*~*~ (hiding).
  7731 | D:9      | Found Plog's Distillery.
  7741 | D:9      | 7741 ||| BUYING potion of attraction (33 gold).
  7741 | D:9      | Bought a potion of attraction for 33 gold pieces
  7741 | D:9      | 7741 ||| BUYING potion of heal wounds (55 gold).
  7741 | D:9      | Bought a potion of heal wounds for 55 gold pieces
  7741 | D:9      | 7741 ||| SHOPLISTING potion of lignification (33 gold, have
                  | 15).
  7741 | D:9      | 7741 ||| SHOPLISTING potion of might (44 gold, have 15).
  7741 | D:9      | 7741 ||| SHOPLISTING potion of mutation (88 gold, have 15).
  7831 | D:9      | Reached skill level 10 in Axes
  7934 | D:9      | 7934 ||| Stepping ~*~*~tactically~*~*~ (hiding).
  8086 | D:9      | 8086 ||| Stepping ~*~*~tactically~*~*~ (stealth).
  8088 | D:9      | 8088 ||| Stepping ~*~*~tactically~*~*~ (stealth).
  8128 | D:9      | Reached XP level 10. HP: 64/64 MP: 10/10
  8238 | D:9      | Noticed Joseph
  8239 | D:9      | 8239 ||| Stepping ~*~*~tactically~*~*~ (stealth).
  8265 | D:9      | Killed Joseph
  8335 | D:9      | 8335 ||| FLEEEEING.
  8336 | D:9      | 8336 ||| FLEEEEING.
  8337 | D:9      | 8337 ||| FLEEEEING.
  8338 | D:9      | 8338 ||| FLEEEEING.
  8339 | D:9      | 8339 ||| FLEEEEING.
  8340 | D:9      | 8340 ||| FLEEEEING.
  8341 | D:9      | 8341 ||| FLEEEEING.
  8342 | D:9      | 8342 ||| FLEEEEING.
  8343 | D:9      | 8343 ||| FLEEEEING.
  8344 | D:9      | 8344 ||| FLEEEEING.
  8345 | D:9      | 8345 ||| FLEEEEING.
  8346 | D:9      | 8346 ||| FLEEEEING.
  8347 | D:9      | 8347 ||| FLEEEEING.
  8348 | D:9      | 8348 ||| FLEEEEING.
  8349 | D:9      | 8349 ||| FLEEEEING.
  8350 | D:9      | 8350 ||| FLEEEEING.
  8351 | D:9      | 8351 ||| FLEEEEING.
  8352 | D:9      | 8352 ||| FLEEEEING.
  8353 | D:9      | 8353 ||| FLEEEEING.
  8354 | D:9      | 8354 ||| FLEEEEING.
  8355 | D:9      | 8355 ||| FLEEEEING.
  8356 | D:9      | 8356 ||| FLEEEEING.
  8357 | D:9      | 8357 ||| FLEEEEING.
  8358 | D:9      | 8358 ||| FLEEEEING.
  8359 | D:9      | 8359 ||| FLEEEEING.
  8360 | D:9      | 8360 ||| FLEEEEING.
  8361 | D:9      | 8361 ||| FLEEEEING.
  8362 | D:9      | 8362 ||| FLEEEEING.
  8363 | D:9      | 8363 ||| FLEEEEING.
  8364 | D:9      | 8364 ||| FLEEEEING.
  8365 | D:9      | 8365 ||| FLEEEEING.
  8366 | D:9      | 8366 ||| FLEEEEING.
  8367 | D:9      | 8367 ||| FLEEEEING.
  8368 | D:9      | 8368 ||| FLEEEEING.
  8369 | D:9      | 8369 ||| FLEEEEING.
  8370 | D:9      | 8370 ||| FLEEEEING.
  8371 | D:9      | 8371 ||| FLEEEEING.
  8372 | D:9      | 8372 ||| FLEEEEING.
  8373 | D:9      | 8373 ||| FLEEEEING.
  8374 | D:9      | 8374 ||| FLEEEEING.
  8375 | D:9      | 8375 ||| FLEEEEING.
  8376 | D:9      | 8376 ||| FLEEEEING.
  8377 | D:9      | 8377 ||| FLEEEEING.
  8378 | D:9      | 8378 ||| FLEEEEING.
  8379 | D:9      | 8379 ||| FLEEEEING.
  8380 | D:9      | 8380 ||| FLEEEEING.
  8381 | D:9      | 8381 ||| FLEEEEING.
  8382 | D:9      | 8382 ||| FLEEEEING.
  8383 | D:9      | 8383 ||| FLEEEEING.
  8384 | D:9      | 8384 ||| FLEEEEING.
  8385 | D:9      | 8385 ||| FLEEEEING.
  8386 | D:9      | 8386 ||| FLEEEEING.
  8387 | D:9      | 8387 ||| FLEEEEING.
  8388 | D:9      | 8388 ||| FLEEEEING.
  8389 | D:9      | 8389 ||| FLEEEEING.
  8391 | D:9      | 8391 ||| FLEEEEING.
  8392 | D:9      | 8392 ||| FLEEEEING.
  8393 | D:9      | 8393 ||| STAIRDANCE
  8456 | D:8      | 8456 ||| READING 2 scrolls of identify.
  8456 | D:8      | 8456 ||| IDENTIFYING emerald potion
  8457 | D:8      | 8457 ||| DROPPING potion of degeneration.
  8529 | D:9      | Found Hfeshras's Humungous Hoard.
  8538 | D:9      | 8538 ||| BUYING +0 helmet (67 gold).
  8538 | D:9      | Bought a +0 helmet for 67 gold pieces
  8538 | D:9      | 8538 ||| SHOPLISTING potion of heal wounds (75 gold, have
                  | 15).
  8587 | D:9      | 8587 ||| Stepping ~*~*~tactically~*~*~ (hiding).
  8594 | D:9      | 8594 ||| Stepping ~*~*~tactically~*~*~ (hiding).
  8887 | D:9      | 8887 ||| UPGRADING to +0 plate armour.
  8897 | D:9      | 8897 ||| DROPPING +0 chain mail.
  8898 | D:9      | 8898 ||| UPGRADING to +0 helmet.
  8930 | D:10     | Entered Level 10 of the Dungeon
  8992 | D:10     | Noticed Grum
  8993 | D:10     | 8993 ||| Stepping ~*~*~tactically~*~*~ (hiding).
  8995 | D:10     | 8995 ||| Stepping ~*~*~tactically~*~*~ (hiding).
  9010 | D:10     | Killed Grum
  9074 | D:10     | Reached skill level 6 in Armour
  9114 | D:10     | 9114 ||| Stepping ~*~*~tactically~*~*~ (hiding).
  9128 | D:10     | Noticed a centaur warrior
  9130 | D:10     | Noticed a cyclops
  9139 | D:10     | Killed a centaur warrior
  9140 | D:10     | Killed a cyclops
  9141 | D:10     | Reached skill level 11 in Axes
  9248 | D:10     | Identified the +2 helmet of the Thirsty Priests {+Blink
                  | rF++ rCorr Int-2}
  9257 | D:10     | Noticed a deep elf pyromancer
  9258 | D:10     | 9258 ||| Stepping ~*~*~tactically~*~*~ (hiding).
  9269 | D:10     | Killed a deep elf pyromancer
  9359 | D:10     | 9359 ||| Stepping ~*~*~tactically~*~*~ (hiding).
  9453 | D:10     | Found a flagged portal.
  9529 | D:10     | Found an iron altar of Okawaru.
  9530 | D:10     | 9530 ||| PLANNING OKAWARU WORSHIP
  9530 | D:10     | 9530 ||| UPGRADING to +2 helmet of the Thirsty Priests
                  | {+Blink rF++ rCorr Int-2}.
  9540 | D:10     | 9540 ||| DROPPING +0 helmet.
  9548 | D:10     | Became a worshipper of Warmaster Okawaru
  9548 | D:10     | 9548 ||| PLANNING D:1-11
  9593 | D:10     | Reached XP level 11. HP: 69/69 MP: 11/11
  9603 | D:10     | Found a snail-covered altar of Cheibriados.
  9604 | D:10     | Found a broken altar of Ashenzari.
  9617 | D:10     | 9617 ||| FLEEEEING.
  9622 | D:10     | 9622 ||| FLEEEEING.
  9623 | D:10     | 9623 ||| FLEEEEING.
  9624 | D:10     | 9624 ||| FLEEEEING.
  9625 | D:10     | 9625 ||| FLEEEEING.
  9626 | D:10     | 9626 ||| FLEEEEING.
  9627 | D:10     | 9627 ||| FLEEEEING.
  9629 | D:10     | 9629 ||| FLEEEEING.
  9630 | D:10     | 9630 ||| FLEEEEING.
  9631 | D:10     | 9631 ||| FLEEEEING.
  9632 | D:10     | 9632 ||| FLEEEEING.
  9642 | D:10     | Reached * piety under Okawaru
  9643 | D:10     | Reached skill level 9 in Fighting
  9646 | D:10     | Reached skill level 1 in Invocations
  9981 | D:10     | Noticed a centaur warrior
  9981 | D:10     | Noticed a red ugly thing
  9981 | D:10     | Noticed a manticore
  9982 | D:10     | 9982 ||| INVOKING Heroism.
 10000 | D:10     | Killed a red ugly thing
 10002 | D:10     | 10002 ||| INVOKING Heroism.
 10006 | D:10     | Killed a centaur warrior
 10007 | D:10     | Reached skill level 3 in Invocations
 10018 | D:10     | Killed a manticore
 10085 | D:10     | Noticed a cyclops
 10086 | D:10     | 10086 ||| INVOKING Heroism.
 10098 | D:10     | Killed a cyclops
 10098 | D:10     | Reached ** piety under Okawaru
 10193 | D:10     | Noticed a cyclops
 10194 | D:10     | 10194 ||| INVOKING Heroism.
 10200 | D:10     | Killed a cyclops
 10369 | D:10     | 10369 ||| READING scroll labelled ALO VAHA YNI.
 10370 | D:10     | 10370 ||| READING scroll labelled QUTIUH CESH.
 10509 | D:11     | Noticed a cyclops
 10510 | D:11     | 10510 ||| INVOKING Heroism.
 10520 | D:11     | Killed a cyclops
 10521 | D:11     | Reached skill level 12 in Axes
 10566 | D:11     | Reached skill level 6 in Shields
 10666 | D:11     | Noticed Psyche
 10667 | D:11     | 10667 ||| INVOKING Heroism.
 10676 | D:11     | Killed Psyche
 10700 | D:11     | Noticed a cyclops
 10701 | D:11     | 10701 ||| Stepping ~*~*~tactically~*~*~ (hiding).
 10704 | D:11     | 10704 ||| Stepping ~*~*~tactically~*~*~ (hiding).
 10705 | D:11     | 10705 ||| Stepping ~*~*~tactically~*~*~ (hiding).
 10706 | D:11     | 10706 ||| Stepping ~*~*~tactically~*~*~ (hiding).
 10707 | D:11     | 10707 ||| INVOKING Heroism.
 10721 | D:11     | Killed a cyclops
 10722 | D:11     | Reached skill level 9 in Armour
 10758 | D:11     | Found Pokhag's Magic Scroll Shop.
 10761 | D:11     | 10761 ||| BUYING scroll of identify (28 gold).
 10761 | D:11     | Bought a scroll of identify for 28 gold pieces
 10761 | D:11     | 10761 ||| BUYING scroll of teleportation (42 gold).
 10761 | D:11     | Bought a scroll of teleportation for 42 gold pieces
 10761 | D:11     | 10761 ||| BUYING scroll of teleportation (42 gold).
 10761 | D:11     | Bought a scroll of teleportation for 42 gold pieces
 10802 | D:11     | 10802 ||| UPGRADING to +0 pair of boots.
 10940 | D:11     | Found a runed translucent door.
 10988 | D:11     | Found a staircase to the Lair.
 11126 | D:11     | Noticed Tsarbomb's ghost (journeyman DsGl)
 11128 | D:11     | 11128 ||| PLANNING LAIR
 11149 | Lair:1   | Entered Level 1 of the Lair of Beasts
 11179 | Lair:1   | 11179 ||| INVOKING Heroism.
 11232 | Lair:1   | 11232 ||| Stepping ~*~*~tactically~*~*~ (stealth).
 11234 | Lair:1   | 11234 ||| INVOKING Heroism.
 11242 | Lair:1   | Reached *** piety under Okawaru
 11261 | Lair:1   | Reached XP level 12. HP: 58/77 MP: 15/15
 11402 | Lair:1   | 11402 ||| Stepping ~*~*~tactically~*~*~ (stealth).
 11404 | Lair:1   | 11404 ||| INVOKING Heroism.
 11450 | Lair:1   | Noticed Sonja
 11451 | Lair:1   | 11451 ||| Stepping ~*~*~tactically~*~*~ (hiding).
 11486 | Lair:1   | 11486 ||| Stepping ~*~*~tactically~*~*~ (hiding).
 11497 | Lair:1   | 11497 ||| Stepping ~*~*~tactically~*~*~ (hiding).
 11499 | Lair:1   | 11499 ||| Stepping ~*~*~tactically~*~*~ (hiding).
 11517 | Lair:1   | 11517 ||| INVOKING Heroism.
 11531 | Lair:1   | 11531 ||| Stepping ~*~*~tactically~*~*~ (hiding).
 11532 | Lair:1   | 11532 ||| INVOKING Heroism.
 11534 | Lair:1   | Killed Sonja
 11610 | Lair:1   | Identified the +0 leather armour of Hiun {Fly Will+ Dex-5}
 11690 | Lair:1   | 11690 ||| INVOKING Heroism.
 11700 | Lair:1   | Reached skill level 13 in Axes
 11714 | Lair:1   | 11714 ||| Stepping ~*~*~tactically~*~*~ (stealth).
 11716 | Lair:1   | 11716 ||| Stepping ~*~*~tactically~*~*~ (stealth).
 11948 | Lair:1   | 11948 ||| INVOKING Heroism.
 12070 | Lair:1   | 12070 ||| UPGRADING to ring of ice.
 12071 | Lair:1   | 12071 ||| DROPPING ring of magical power.
 12072 | Lair:1   | 12072 ||| UPGRADING to +5 ring of evasion.
 12074 | Lair:1   | 12074 ||| UPGRADING to +6 ring of strength.
 12102 | Lair:2   | 12102 ||| INVOKING Heroism.
 12104 | Lair:2   | Noticed a six-headed hydra
 12112 | Lair:2   | 12112 ||| SWAPPING to +0 morningstar.
 12119 | Lair:2   | Killed a six-headed hydra
 12119 | Lair:2   | Reached **** piety under Okawaru
 12120 | Lair:2   | 12120 ||| SWAPPING to +0 vampiric war axe.
 12128 | Lair:2   | Found a hole to the Spider Nest.
 12458 | Lair:2   | 12458 ||| INVOKING Heroism.
 12614 | Lair:2   | Found a staircase to the Shoals.
 12629 | Lair:2   | 12629 ||| INVOKING Heroism.
 12654 | Lair:2   | 12654 ||| INVOKING Heroism.
 12676 | Lair:2   | 12676 ||| INVOKING Heroism.
 12815 | Lair:2   | 12815 ||| INVOKING Heroism.
 13072 | Lair:2   | 13072 ||| DROPPING amulet of regeneration.
 13182 | Lair:3   | 13182 ||| INVOKING Heroism.
 13210 | Lair:3   | 13210 ||| INVOKING Heroism.
 13233 | Lair:3   | Reached skill level 14 in Axes
 13403 | Lair:3   | Noticed a catoblepas
 13410 | Lair:3   | 13410 ||| INVOKING Heroism.
 13422 | Lair:3   | Killed a catoblepas
 13423 | Lair:3   | Reached skill level 6 in Invocations
 13423 | Lair:3   | Reached XP level 13. HP: 83/83 MP: 15/17
 13457 | Lair:3   | 13457 ||| INVOKING Heroism.
 13458 | Lair:3   | 13458 ||| Stepping ~*~*~tactically~*~*~ (stealth).
 13476 | Lair:3   | 13476 ||| INVOKING Heroism.
 13491 | Lair:3   | Received a gift from Okawaru
 13992 | Lair:3   | 13992 ||| READING scroll labelled REOGAWI AJEO.
 14037 | Lair:4   | Received a gift from Okawaru
 14044 | Lair:4   | 14044 ||| INVOKING Heroism.
 14174 | Lair:4   | 14174 ||| Stepping ~*~*~tactically~*~*~ (hiding).
 14175 | Lair:4   | 14175 ||| Stepping ~*~*~tactically~*~*~ (hiding).
 14176 | Lair:4   | 14176 ||| Stepping ~*~*~tactically~*~*~ (hiding).
 14177 | Lair:4   | 14177 ||| Stepping ~*~*~tactically~*~*~ (hiding).
 14178 | Lair:4   | 14178 ||| Stepping ~*~*~tactically~*~*~ (hiding).
 14342 | Lair:4   | 14342 ||| INVOKING Heroism.
 14353 | Lair:4   | 14353 ||| Stepping ~*~*~tactically~*~*~ (stealth).
 14355 | Lair:4   | 14355 ||| Stepping ~*~*~tactically~*~*~ (stealth).
 14357 | Lair:4   | 14357 ||| Stepping ~*~*~tactically~*~*~ (stealth).
 14359 | Lair:4   | 14359 ||| Stepping ~*~*~tactically~*~*~ (stealth).
 14361 | Lair:4   | 14361 ||| Stepping ~*~*~tactically~*~*~ (stealth).
 14388 | Lair:4   | 14388 ||| INVOKING Heroism.
 14421 | Lair:4   | 14421 ||| Stepping ~*~*~tactically~*~*~ (stealth).
 14424 | Lair:4   | Received a gift from Okawaru
 14676 | Lair:4   | 14676 ||| Stepping ~*~*~tactically~*~*~ (stealth).
 14692 | Lair:4   | 14692 ||| INVOKING Heroism.
 14694 | Lair:4   | HP: 17/84 [ice devil (11)]
 14694 | Lair:4   | Slain by an ice devil

Levels and vault maps discovered:
D:1:      lightli_arrival_maybe_door_vault, layout_loops_corners, serial_shops,
          nicolae_shop_peninsula, shop
D:2:      layout_basic, hellmonk_ecumenical_altar_dog_temple,
          uniq_crazy_yiuf_cottage, uniq_natasha
D:3:      layout_loops_ring, mainiacjoe_overflow_alcove_1,
          gammafunk_ghost_stat_death
D:4:      layout_basic, nzn_wu_jian_contemplation,
          hellmonk_ghost_happy_afterlife, guppyfry_early_orc_mine
D:5:      layout_basic, minmay_temple_entry_waves, hex_medium,
          chequers_hall_statues_y, dk_noncrumbling_4
D:6:      layout_cave_pools, tgw_sif, general_overflow_altar
D:7:      layout_basic, serial_shops, nicolae_shop_rolling_square
D:8:      gammafunk_jiyva_shrine, layout_loops_ring, serial_shops, shop,
          nrook_uturn, uniq_pikel
D:9:      layout_loops_ring, serial_shops, shop,
          nicolae_concentric_dashed_squares_mild, nicolae_alphabet_shops,
          uniq_joseph
D:10:     minmay_tri_box, layout_basic, okawaru_metal_pillars_1_2,
          nicolae_overflow_squiral, enter_bailey_7, uniq_grum
D:11:     layout_rooms, lair_entry_dummy, ebering_ghost_reflecting_pool,
          serial_shops, nicolae_shop_behind_doors, uniq_psyche
Temple:   nicolae_temple_bog_church
Lair:1:   minmay_lair_oklob_chamber, layout_long_grid, lemuel_fruit_tree,
          grunt_megastairs_4, lemuel_fruit_fields, serial_bayou_shore_a,
          uniq_sonja
Lair:2:   minmay_lair_oklob_tunnel, layout_hall_layers, minmay_shoals_entry_hut,
          hellmonk_spider_entry_not_the_bees, patterned_corridor,
          lemuel_fruit_fields
Lair:3:   layout_regular_city, serial_bayou_lagoon_a,
          nicolae_quartered_pool_little
Lair:4:   layout_regular_city, portal_ice_cave_demonic_guard,
          kennysheep_basilisk_garden, grunt_megastairs_2

Skill      XL: |  1  2  3  4  5  6  7  8  9 10 11 12 13 |
---------------+----------------------------------------+-----
Axes           | 2 3 4 5 7 9 10 11 12 14 | 14.0
Dodging        | 1 2 |  2.0
Fighting       | 4 5 6 8 10 11 | 11.0
Shields        | 4 5 6 7 |  7.0
Armour         | 5 8 9 10 | 10.4
Throwing       | 2 |  2.9
Invocations    | 4 6 7 |  7.9

Action                     |  1- 3 |  4- 6 |  7- 9 | 10-12 | 13-15 || total
---------------------------+-------+-------+-------+-------+-------++-------
  Melee: War axe           |    75 |   131 |   346 |   633 |   152 ||  1337
         Morningstar       |       |       |       |     7 |       ||     7
  Throw: Boomerang         |       |     3 |       |    19 |       ||    22
         Javelin           |       |       |       |       |    16 ||    16
 Invoke: Heroism           |       |       |       |    23 |     6 ||    29
    Use: Scroll            |     1 |     5 |    13 |     3 |     1 ||    23
         Potion            |     1 |     2 |     5 |       |       ||     8
 Armour: Scale mail        |    29 |    73 |     5 |       |       ||   107
         Chain mail        |       |       |   124 |    24 |       ||   148
         Plate armour      |       |       |       |   345 |    58 ||   403
  Dodge: Dodged            |    24 |    76 |    90 |   220 |    60 ||   470
  Block: Buckler           |    15 |    32 |   110 |   311 |    51 ||   519
         Reflection        |       |     1 |     3 |    14 |       ||    18

Table legend:
 A = Non-vault XP
 B = Vault XP
 C = Vault XP percentage of total XP
 D = Non-vault monster count
 E = Vault monster count
 F = Vault count percentage of total count
                 A         B        C        D         E       F
            +---------+---------+-------+---------+---------+-------
      Total |   27700 |   12277 |  30.7 |     246 |      46 |  15.8
            +---------+---------+-------+---------+---------+-------
        D:1 |      33 |       0 |   0.0 |      17 |       0 |   0.0
        D:2 |     109 |      39 |  26.4 |      17 |       3 |  15.0
        D:3 |     120 |       0 |   0.0 |      17 |       0 |   0.0
        D:4 |     302 |     223 |  42.5 |      10 |       7 |  41.2
        D:5 |     394 |       0 |   0.0 |       9 |       0 |   0.0
        D:6 |     505 |       0 |   0.0 |      11 |       0 |   0.0
        D:7 |     786 |       0 |   0.0 |      25 |       0 |   0.0
        D:8 |    1017 |       0 |   0.0 |      22 |       0 |   0.0
        D:9 |    2171 |     455 |  17.3 |      23 |       1 |   4.2
       D:10 |    1881 |    5367 |  74.0 |      17 |      15 |  46.9
       D:11 |    3123 |     397 |  11.3 |      13 |       1 |   7.1
     Lair:1 |    4069 |    2462 |  37.7 |      15 |       5 |  25.0
     Lair:2 |    3088 |    1302 |  29.7 |      12 |       6 |  33.3
     Lair:3 |    7725 |       0 |   0.0 |      24 |       0 |   0.0
     Lair:4 |    2377 |    2032 |  46.1 |      14 |       8 |  36.4
            +---------+---------+-------+---------+---------+-------
